 Dungeon Crawl Stone Soup version 0.17.0-1-g61d176b (webtiles) character file.

100 McCoppin the Sneak (level 4, -5/31 HPs)
             Began as an Octopode Fighter on Nov 7, 2015.
             Slain by McCoppin's ghost (12 damage)
             ... on level 3 of the Dungeon.
             The game lasted 00:05:53 (1893 turns).

McCoppin the Sneak (Octopode Fighter)               Turns: 1893, Time: 00:05:53

Health: -5/31      AC:  2    Str: 15    XL:     4   Next: 73%
Magic:  4/4        EV: 10    Int: 10    God:
Gold:   132        SH:  8    Dex: 12    Spells: 0 memorised, 3 levels left

rFire  . . .     SeeInvis .     a - +0 long sword
rCold  . . .     Clarity  .     b - +0 shield
rNeg   . . .     SustAt   .     (helmet restricted)
rPois  .         Gourm    .     (no amulet)
rElec  .         Spirit   .     f - +1 ring of protection
rCorr  .         Warding  .     (no ring)
rMut   .         Stasis   .     (no ring)
MR     .....                    (no ring)
Stlth  ++++......               (no ring)
                                (no ring)
                                (no ring)
                                (no ring)

@: not resistant to hostile enchantments, stealthy
A: almost no armour, amphibious, 8 rings, constrict 8, camouflage 1, gelatinous
body 1
a: no special abilities


You were on level 3 of the Dungeon.
You were not hungry.

You visited 1 branch of the dungeon, and saw 3 of its levels.

You collected 132 gold pieces.

Inventory:

Hand Weapons
 a - a +0 long sword (weapon)
Missiles
 e - 6 needles of frenzy
Armour
 b - a +0 shield (worn)
Jewellery
 f - a +1 ring of protection (left tentacle)
Potions
 c - 2 potions of might
 g - a potion of brilliance {unknown}
 j - a potion of curing {unknown}
Comestibles
 d - 2 bread rations
 h - 3 beef jerkies
 i - 5 chunks of flesh


   Skills:
 - Level 3.0 Fighting
 - Level 2.0 Long Blades
 - Level 3.0 Dodging
 + Level 6.1 Stealth
 - Level 3.0 Shields


You had 3 spell levels left.
You didn't know any spells.

Dungeon Overview and Level Annotations

Branches:
Dungeon (3/15)

Altars:
Vehumet
The Shining One

Annotations:
D:3 McCoppin's ghost, amateur FoCK


Innate Abilities, Weirdness & Mutations

You cannot wear most types of armour.
You are amphibious.
You can wear up to eight rings at the same time.
You can use your tentacles to constrict eight enemies at once.
Your skin changes colour to match your surroundings (Stealth).
Your rubbery body absorbs attacks (AC +1).


Message History

The kobold barely misses you. McCoppin's ghost hits you.
* * * LOW HITPOINT WARNING * * *
You feel yourself slow down. The bat barely misses you.
The bat hits you but does no damage. The bat closely misses you.
You block the bat's attack. The bat hits you but does no damage.
McCoppin's ghost shrieks, "To die, to sleep, no more."
The bat hits you but does no damage. x2
McCoppin's ghost shouts, "Do you think the gods will protect you?"
The bat closely misses you. The bat hits you.
* * * LOW HITPOINT WARNING * * *
You block the bat's attack. The bat barely misses you.
The bat closely misses you. You block the bat's attack. x2
The bat barely misses you. The bat barely misses you.
You feel yourself speed up. McCoppin's ghost hits you!
You die...

##...## #.###. ##.....##
#.#.# #.....).## #..####
.........####.....######
.........'..............
..)......####.....#####
#.......## #.....#
##.....## ####.##
##...## #@# ##+# #W# #K#
### ### #b# .... ?. #.#
##...#. #.#
#.....?########.#
#...........K...#
.....<.##########


You could see McCoppin's ghost, a bat and a kobold.

Vanquished Creatures
  5 adders
  An ooze (D:2)
  A worm (D:2)
  3 giant cockroaches
  11 goblins
  9 hobgoblins
  A quokka (D:2)
  5 bats (D:1)
  A giant gecko (D:2)
  4 giant newts
  4 kobolds (D:1)
  7 rats
52 creatures vanquished.

Notes
Turn   | Place    | Note
--------------------------------------------------------------
     0 | D:1      | McCoppin the Octopode Fighter began the quest for the Orb.
     0 | D:1      | Reached XP level 1. HP: 16/16 MP: 1/1
    89 | D:1      | Reached skill level 1 in Stealth
   275 | D:1      | Reached XP level 2. HP: 21/21 MP: 2/2
   642 | D:1      | Found a glowing golden altar of the Shining One.
   645 | D:1      | Reached XP level 3. HP: 22/26 MP: 3/3
   735 | D:1      | Reached skill level 4 in Stealth
  1057 | D:2      | Found a radiant altar of Vehumet.
  1070 | D:2      | Reached skill level 5 in Stealth
  1070 | D:2      | Reached XP level 4. HP: 25/31 MP: 4/4
  1776 | D:3      | Reached skill level 6 in Stealth
  1868 | D:3      | Noticed McCoppin's ghost (amateur FoCK)
  1893 | D:3      | Slain by McCoppin's ghost

Action                   |  1- 3 |  4- 6 || total
-------------------------+-------+-------++-------
Melee: Long sword        |    51 |    31 ||    82
 Stab: Sleeping          |    10 |     7 ||    17
       Distracted        |     1 |     1 ||     2
  Eat: Chunk             |       |     3 ||     3
